NCAA
CONNECTICUT HUSKIES @ FLORIDA GATORS
05/15/2024
 
TOP OF THE 1ST
Connecticut Huskies batting - Pitching for Florida Gators : RHP Miguel Negrón
Pitching: RHP Miguel Negrón
Batting: RHB Jeff Manley 0-0: Called Strike
0-1: Foul Ball, location: 2F
0-2: Ball
1-2: Ball
2-2: Strikes out swinging
Batting: LHB Michael Myers 0-0: Called Strike
0-1: Called Strike
0-2: Ball
1-2: Ball
2-2: SINGLE (Groundball, 34D)
Batting: SHB Juan Román 0-0: Ball
1-0: Ball
2-0: Ball
3-0: Called Strike
3-1: Base on Balls
Michael Myers to second
Batting: RHB Rob Schmidt 0-0: Called Strike
Throwing error on steal attempt, E2
Michael Myers scores
Juan Román to third
0-1: Ground out 6-3 (Groundball, 6)
Juan Román scores
Batting: SHB Enrique Rojas 0-0: Ball
1-0: Called Strike
1-1: Foul Ball, location: 2F
1-2: Foul Ball, location: 2F
1-2: Ball
2-2: Ground out U3 (Groundball, 3L)
Top of the 1st over - 2 run(s), 1 hit(s), 1 error(s), 0 left on base; Connecticut 2 - Florida 0
BOTTOM OF THE 1ST
Florida Gators batting - Pitching for Connecticut Huskies : RHP Pat Singleton
Pitching: RHP Pat Singleton
Batting: LHB Jeff Fountain 0-0: Ball
1-0: Ball
2-0: Called Strike
2-1: Fly out, F7 (Flyball, 7M)
Batting: RHB Joe Richardson 0-0: Ground out 6-3 (Groundball, 6)
Batting: LHB Mark Strong 0-0: Called Strike
0-1: Swinging Strike
0-2: Ball
1-2: Ball
2-2: Foul Ball, location: 2F
2-2: Foul Ball, location: 2F
2-2: Foul Ball, location: 2F
2-2: Ball
3-2: Foul Ball, location: 2F
3-2: Base on Balls
Batting: RHB Mario Solís 0-0: Ball
1-0: Ball
2-0: Foul Ball, location: 2F
2-1: Fielders Choice at 2nd, 5-4 (Groundball, 56)
Bottom of the 1st over - 0 run(s), 0 hit(s), 0 error(s), 0 left on base; Connecticut 2 - Florida 0
TOP OF THE 2ND
Connecticut Huskies batting - Pitching for Florida Gators : RHP Miguel Negrón
Batting: RHB Alberto Peña 0-0: Ball
1-0: Called Strike
1-1: Called Strike
1-2: Strikes out swinging
Batting: RHB Gordon Brown 0-0: Ball
1-0: Ball
2-0: Ball
3-0: Base on Balls
Batting: LHB Chris Schultz 0-0: Foul Ball, location: 2F
0-1: Ball
1-1: Foul Ball, location: 2F
1-2: Ball
2-2: Ball
3-2: Foul Ball, location: 2F
3-2: Fly out, F8 (Flyball, 8LM)
Batting: RHB Brian Kramer 0-0: Foul Ball, location: 2F
0-1: Foul Ball, location: 2F
0-2: Ball
1-2: SINGLE (Groundball, 6M)
Gordon Brown to second
Runner from 2nd tries for 3rd, SAFE, throw made to third
Batting: RHB Jeff Manley 0-0: Called Strike
0-1: Foul Ball, location: 2F
0-2: Ball
1-2: Ball
2-2: Ball
3-2: Strikes out looking
Top of the 2nd over - 0 run(s), 1 hit(s), 0 error(s), 2 left on base; Connecticut 2 - Florida 0
BOTTOM OF THE 2ND
Florida Gators batting - Pitching for Connecticut Huskies : RHP Pat Singleton
Batting: LHB Juan Torres 0-0: Ball
1-0: Called Strike
1-1: Swinging Strike
1-2: Foul Ball, location: 2F
1-2: Ball
2-2: Ball
3-2: SOLO HOME RUN (Flyball, 78XD), Distance : 379 ft
Batting: RHB Larry Kennedy 0-0: Ground out 4-3 (Groundball, 4)
Batting: RHB Barry Murphy 0-0: Ball
1-0: Ground out 1-3 (Groundball, 15)
Batting: RHB Johnny MacNamara 0-0: Ball
1-0: Called Strike
1-1: Foul Ball, location: 2F
1-2: Strikes out swinging
Bottom of the 2nd over - 1 run(s), 1 hit(s), 0 error(s), 0 left on base; Connecticut 2 - Florida 1
TOP OF THE 3RD
Connecticut Huskies batting - Pitching for Florida Gators : RHP Miguel Negrón
Batting: LHB Michael Myers 0-0: Fly out, F3 (Line Drive, 3L)
Batting: SHB Juan Román 0-0: SINGLE (Groundball, 4MD)
Batting: RHB Rob Schmidt 0-0: Ball
1-0: Ball
2-0: Called Strike
2-1: Foul Ball, location: 2F
2-2: Hit by Pitch
Juan Román to second
Batting: SHB Enrique Rojas 0-0: Called Strike
0-1: Ball
1-1: Ball
2-1: Foul Ball, location: 2F
2-2: Strikes out swinging
Batting: RHB Alberto Peña 0-0: Ball
1-0: Ball
2-0: Fly out, F3 (Popup, 3)
Top of the 3rd over - 0 run(s), 1 hit(s), 0 error(s), 2 left on base; Connecticut 2 - Florida 1
BOTTOM OF THE 3RD
Florida Gators batting - Pitching for Connecticut Huskies : RHP Pat Singleton
Batting: RHB Butch Richardson 0-0: SINGLE (Groundball, 56D)
Batting: LHB Jeff Fountain 0-0: Ball
1-0: Ball
2-0: Foul Ball, location: 2F
2-1: Fielders Choice at 2nd, 6-4 (Groundball, 6M)
Batting: RHB Joe Richardson 0-0: Ball
1-0: Swinging Strike
1-1: Ball
2-1: Swinging Strike
2-2: Foul Ball, location: 2F
2-2: Ball
Jeff Fountain steals 2nd base
3-2: Foul Ball, location: 2F
3-2: Base on Balls
Batting: LHB Mark Strong 0-0: Ball
1-0: 3-RUN HOME RUN (Line Drive, 9D), Distance : 372 ft
Batting: RHB Mario Solís 0-0: Foul Ball, location: 2F
0-1: Called Strike
0-2: Ground out 4-3 (Groundball, 4)
Batting: LHB Juan Torres 0-0: Called Strike
0-1: Ball
1-1: Ground out 5-3 (Groundball, 5S)
Bottom of the 3rd over - 3 run(s), 2 hit(s), 0 error(s), 0 left on base; Connecticut 2 - Florida 4
TOP OF THE 4TH
Connecticut Huskies batting - Pitching for Florida Gators : RHP Miguel Negrón
Batting: RHB Gordon Brown 0-0: Called Strike
0-1: Ball
1-1: Ball
2-1: SINGLE (Groundball, 4MD)
Batting: LHB Chris Schultz 0-0: Called Strike
0-1: Foul Ball, location: 2F
0-2: Ball
1-2: SINGLE (Line Drive, 9S)
Gordon Brown to second
Runner from 2nd tries for 3rd, OUT!
Batting: RHB Brian Kramer 0-0: Ball
1-0: Swinging Strike
1-1: Ball
2-1: Grounds into double play, 5-4-3 (Groundball, 56)
Top of the 4th over - 0 run(s), 2 hit(s), 0 error(s), 0 left on base; Connecticut 2 - Florida 4
BOTTOM OF THE 4TH
Florida Gators batting - Pitching for Connecticut Huskies : RHP Pat Singleton
Batting: RHB Larry Kennedy 0-0: Called Strike
0-1: Foul Ball, location: 2F
0-2: Foul Ball, location: 2F
0-2: SINGLE (Groundball, 56D)
Batting: RHB Barry Murphy 0-0: Called Strike
0-1: Ball
1-1: Foul Ball, location: 2F
1-2: Fly out, F9 (Flyball, 89M)
Batting: RHB Johnny MacNamara 0-0: Ball
1-0: Fly out, F8 (Flyball, 8LD)
Batting: RHB Butch Richardson 0-0: Foul Ball, location: 2F
0-1: Called Strike
0-2: SINGLE (Flyball, 8LS)
Larry Kennedy to second
Runner from 2nd tries for 3rd, SAFE, throw made to third
Batting: LHB Jeff Fountain 0-0: Called Strike
0-1: Ball
1-1: Ball
2-1: Ground out 6-3 (Groundball, 6)
Bottom of the 4th over - 0 run(s), 2 hit(s), 0 error(s), 2 left on base; Connecticut 2 - Florida 4
TOP OF THE 5TH
Connecticut Huskies batting - Pitching for Florida Gators : RHP Miguel Negrón
Batting: RHB Jeff Manley 0-0: Called Strike
0-1: Ball
1-1: SINGLE (Line Drive, 34D)
Batting: LHB Michael Myers 0-0: Swinging Strike
0-1: Ball
1-1: Ball
2-1: Foul Ball, location: 2F
2-2: Foul Ball, location: 2F
2-2: Foul Ball, location: 2F
2-2: Foul Ball, location: 2F
2-2: Foul Ball, location: 2F
2-2: Strikes out swinging
Pitching: RHP Santiago Castro
Batting: SHB Juan Román 0-0: Called Strike
Jeff Manley steals 2nd base
0-1: Ball
1-1: Ball
2-1: Ball
3-1: Base on Balls
Batting: RHB Rob Schmidt 0-0: Called Strike
Jeff Manley is caught stealing 3rd base
Juan Román to second
0-1: Called Strike
0-2: Strikes out swinging
Top of the 5th over - 0 run(s), 1 hit(s), 0 error(s), 1 left on base; Connecticut 2 - Florida 4
BOTTOM OF THE 5TH
Florida Gators batting - Pitching for Connecticut Huskies : RHP Pat Singleton
Batting: RHB Joe Richardson 0-0: Ball
1-0: Ball
2-0: Swinging Strike
2-1: Foul Ball, location: 2F
2-2: Ball
3-2: Base on Balls
Batting: LHB Mark Strong 0-0: Foul Ball, location: 2F
0-1: Foul Ball, location: 2F
0-2: Strikes out looking
Pitching: RHP Anderson Doyle
Batting: RHB Mario Solís 0-0: Ball
1-0: Ball
Joe Richardson is caught stealing 2nd base
2-0: Ground out 4-3 (Groundball, 4)
Bottom of the 5th over - 0 run(s), 0 hit(s), 0 error(s), 0 left on base; Connecticut 2 - Florida 4
TOP OF THE 6TH
Connecticut Huskies batting - Pitching for Florida Gators : RHP Santiago Castro
Batting: SHB Enrique Rojas 0-0: Swinging Strike
0-1: Ball
1-1: Swinging Strike
1-2: Strikes out swinging
Batting: RHB Alberto Peña 0-0: Ball
1-0: SINGLE (Groundball, 6MD)
Batting: RHB Gordon Brown 0-0: Ball
1-0: Fly out, F8 (Line Drive, 8RM)
Batting: LHB Chris Schultz 0-0: Called Strike
0-1: Ball
1-1: Ball
2-1: Ball
3-1: Foul Ball, location: 2F
3-2: Strikes out swinging
Top of the 6th over - 0 run(s), 1 hit(s), 0 error(s), 1 left on base; Connecticut 2 - Florida 4
BOTTOM OF THE 6TH
Florida Gators batting - Pitching for Connecticut Huskies : RHP Anderson Doyle
Batting: LHB Juan Torres 0-0: Ball
1-0: Swinging Strike
1-1: Ball
2-1: Ball
3-1: Called Strike
3-2: Base on Balls
Batting: RHB Larry Kennedy 0-0: Ball
1-0: Called Strike
1-1: Ground out 5-3 (Groundball, 5S)
Juan Torres to second
Batting: RHB Barry Murphy 0-0: Intentional Walk
Batting: RHB Johnny MacNamara 0-0: Called Strike
0-1: Called Strike
0-2: Ball
1-2: Strikes out swinging
Batting: RHB Butch Richardson 0-0: Swinging Strike
0-1: Ball
1-1: Foul Ball, location: 2F
1-2: Strikes out swinging
Bottom of the 6th over - 0 run(s), 0 hit(s), 0 error(s), 2 left on base; Connecticut 2 - Florida 4
TOP OF THE 7TH
Connecticut Huskies batting - Pitching for Florida Gators : RHP Santiago Castro
Batting: RHB Brian Kramer 0-0: Ball
1-0: Foul Ball, location: 2F
1-1: SINGLE (Flyball, 78S)
Batting: RHB Jeff Manley 0-0: Called Strike
0-1: Ball
1-1: Called Strike
1-2: Strikes out swinging
Pitching: RHP Keith Shannon
Batting: LHB Michael Myers 0-0: Called Strike
0-1: Ball
1-1: Ball
2-1: Foul Ball, location: 2F
2-2: Hit by Pitch
Brian Kramer to second
Batting: SHB Juan Román 0-0: Ball
1-0: Called Strike
1-1: Swinging Strike
1-2: Fly out, F7 (Flyball, 7S)
Batting: RHB Rob Schmidt 0-0: Called Strike
0-1: Ball
1-1: Foul Ball, location: 2F
1-2: DOUBLE (Line Drive, 7LD)
Brian Kramer scores
Michael Myers to third
Runner from 3rd tries for Home, SAFE, no throw or cutoff
Batting: SHB Enrique Rojas 0-0: Called Strike
0-1: Ground out U3 (Groundball, 3S)
Top of the 7th over - 2 run(s), 2 hit(s), 0 error(s), 1 left on base; Connecticut 4 - Florida 4
BOTTOM OF THE 7TH
Florida Gators batting - Pitching for Connecticut Huskies : RHP Anderson Doyle
Batting: LHB Jeff Fountain 0-0: Ball
1-0: Ball
2-0: Called Strike
2-1: SINGLE (Groundball, 25) (infield hit)
Batting: RHB Joe Richardson 0-0: Ball
1-0: Ball
2-0: Ball
3-0: Called Strike
3-1: Base on Balls
Jeff Fountain to second
Pitching: LHP Salvador Jiménez
Batting: LHB Mark Strong 0-0: Called Strike
0-1: Called Strike
0-2: Fly out, F8 (Line Drive, 8LM)
Batting: RHB Mario Solís 0-0: Ball
1-0: SINGLE (Line Drive, 34D)
Jeff Fountain to third
Joe Richardson to second
Runner from 3rd tries for Home, SAFE, no throw or cutoff
Batting: LHB Juan Torres 0-0: Ball
1-0: Ball
2-0: Swinging Strike
2-1: Fly out, F8 (Flyball, 89M)
Batting: RHB Larry Kennedy 0-0: Ball
1-0: Fly out, F3 (Popup, 23F)
Bottom of the 7th over - 1 run(s), 2 hit(s), 0 error(s), 2 left on base; Connecticut 4 - Florida 5
TOP OF THE 8TH
Connecticut Huskies batting - Pitching for Florida Gators : RHP Keith Shannon
Pitching: RHP Patrick Parsons
Batting: RHB Alberto Peña 0-0: Ball
1-0: Ball
2-0: Ball
3-0: Base on Balls
Batting: RHB Gordon Brown 0-0: Foul Ball, location: 2F
0-1: Sac Bunt - play at second, runner OUT! 1-6
Pitching: LHP John Leonard
Batting: LHB Chris Schultz 0-0: Ball
1-0: Foul Ball, location: 2F
1-1: Fly out, F7 (Flyball, 78M)
Pitching: RHP Sonny Harris
Pinch Hitting: RHB Mario Flores 0-0: Called Strike
0-1: SINGLE (Line Drive, 56)
Gordon Brown to second
Batting: RHB Jeff Manley 0-0: Fly out, F3 (Line Drive, 34)
Top of the 8th over - 0 run(s), 1 hit(s), 0 error(s), 2 left on base; Connecticut 4 - Florida 5
BOTTOM OF THE 8TH
Florida Gators batting - Pitching for Connecticut Huskies : LHP Salvador Jiménez
Now at 3B: Mario Flores
Batting: RHB Barry Murphy 0-0: Called Strike
0-1: Foul Ball, location: 2F
0-2: Ball
1-2: Foul Ball, location: 2F
1-2: Strikes out swinging
Batting: RHB Johnny MacNamara 0-0: Ball
1-0: Ball
2-0: Ball
3-0: Called Strike
3-1: Swinging Strike
3-2: Foul Ball, location: 2F
3-2: SINGLE (Flyball, 78M)
Pinch Hitting: SHB Leroy Sibbald 0-0: Ball
1-0: Ball
2-0: Fly out, F9 (Flyball, 9S)
Batting: LHB Jeff Fountain 0-0: Called Strike
0-1: Ground out U3 (Groundball, 3)
Bottom of the 8th over - 0 run(s), 1 hit(s), 0 error(s), 1 left on base; Connecticut 4 - Florida 5
TOP OF THE 9TH
Connecticut Huskies batting - Pitching for Florida Gators : RHP Sonny Harris
Pitching: LHP Chet Scott
Now at 2B: Leroy Sibbald
Batting: LHB Michael Myers 0-0: Called Strike
0-1: Foul Ball, location: 2F
0-2: Ball
1-2: Foul Ball, location: 2F
1-2: Strikes out swinging
Batting: SHB Juan Román 0-0: Ball
1-0: Called Strike
1-1: Swinging Strike
1-2: Foul Ball, location: 2F
1-2: Foul Ball, location: 2F
1-2: Foul Ball, location: 2F
1-2: Ball
2-2: Ball
3-2: Fly out, F3 (Line Drive, 3)
Batting: RHB Rob Schmidt 0-0: Ball
1-0: Ball
2-0: Called Strike
2-1: Swinging Strike
2-2: Strikes out swinging
Top of the 9th over - 0 run(s), 0 hit(s), 0 error(s), 0 left on base; Connecticut 4 - Florida 5
This league is powered by Out of the Park Baseball, the baseball management simulation game for PC, Mac and Linux
Saturday, April 9th, 2016 - OOTP Baseball 16.8 Build 38